AoeStats
← Dr. F

Arena

508809230Analyzed
1v1 RM · 7d ago on Sep 24, 2026· 103m 32s· 2 players
Game mode
Random Map
Map size
Tiny (2 player)
Population
200
Speed
Normal
Resources
Standard
Victory
Conquest
Starting age
Dark Age
Ending age
Imperial Age
RankedLock teamsTeams togetherTeam positionsShared explorationLock speedFull tech treeHidden civsTurbo modeCheats
Victory
Defeat
🇺🇸 Britons · United States
528
+15
🇵🇪 Teutons · Peru
498
-15
mmartel76
0:29 Loom
11:24 Feudal Age
13:00 Double-Bit Axe
13:59 Wheelbarrow
14:31 Horse Collar
17:04 Forging
26:56 Castle Age
25:02 Gold Mining
27:01 Padded Archer Armor
27:02 Scale Mail Armor
26:54 Fletching
27:10 Scale Barding Armor
28:26 Leather Archer Armor
29:25 Crossbowman
32:05 Stone Mining
32:36 Hand Cart
32:07 Town Watch
32:15 Town Watch
32:44 Pikeman
33:53 Heavy Plow
35:35 Ballistics
36:04 Bodkin Arrow
36:34 Masonry
39:37 Fervor
39:03 Elite Skirmisher
42:31 Imperial Age
40:28 Squires
40:47 Chain Mail Armor
43:36 Conscription
45:21 Ring Archer Armor
45:01 Halberdier
46:53 Iron Casting
49:53 Bow Saw
51:48 Redemption
51:59 Sanctity
55:06 Chemistry
53:51 Arrowslits
60:27 Town Patrol
61:50 Heavy Scorpion
63:13 Capped Ram
63:40 Cavalier
80:33 Elite Teutonic Knight
81:55 Crenellations
83:14 Two-Man Saw
83:41 Stone Shaft Mining
88:41 Hoardings
97:44 Man-at-Arms
98:10 Gambesons
Dr. F
9:40 Feudal Age
10:44 Double-Bit Axe
12:25 Wheelbarrow
13:10 Loom
15:05 Horse Collar
19:26 Castle Age
17:27 Fletching
17:36 Gold Mining
17:40 Stone Mining
20:35 Bow Saw
25:24 Man-at-Arms
27:19 Hand Cart
27:55 Long Swordsman
28:02 Crossbowman
28:48 Padded Archer Armor
31:58 Bodkin Arrow
32:12 Squires
32:24 Heavy Plow
35:39 Imperial Age
33:44 Leather Archer Armor
36:35 Gold Shaft Mining
36:11 Squires
36:39 Yeomen
35:41 Elite Longbowman
35:50 Cranequins
38:04 Two-Man Saw
37:44 Town Watch
38:22 Ballistics
38:44 Scale Mail Armor
38:55 Siege Engineers
39:03 Bracer
41:09 Chemistry
40:18 Pikeman
43:09 Heavy Mounted Crossbowman
44:27 Ring Archer Armor
44:41 Hoardings
44:32 Warwolf
45:01 Fortified Wall
46:36 Conscription
46:13 Halberdier
51:20 Sanctity
51:11 Fervor
51:21 Masonry
50:53 Treadmill Crane
55:55 Forging
56:01 Chain Mail Armor
59:07 Architecture
59:10 Warwolf
58:36 Long Swordsman
59:03 Gambesons
59:05 Arson
59:13 Two-Handed Swordsman
60:24 Husbandry
60:38 Scale Barding Armor
61:05 Plate Mail Armor
61:11 Iron Casting
60:17 Champion
60:25 Light Cavalry
62:00 Scale Barding Armor
62:31 Iron Casting
77:41 Blast Furnace
82:56 Capped Ram
Connection lost

Rejoining the realm…

Still unreachable

The connection could not be restored.

Session expired

The server has moved on; the page needs a fresh start.